 Dungeon Crawl Stone Soup version 0.32-a0-960-g3814254bd7 (webtiles) character file.

Game seed: 13605372159198456153

1841 Konar the Skirmisher (level 9, 0/61 HPs)
             Began as a Coglin Hunter on Apr 17, 2024.
             Was a Priest of Beogh.
             Slain by Gorbash the orc apostle
             ... wielding a +5 trident of protection
              (7 damage)
             ... on level 5 of the Dungeon.
             The game lasted 00:06:47 (4425 turns).

Konar the Skirmisher (Coglin Hunter)                Turns: 4425, Time: 00:06:48

Health: 0/61       AC:  8    Str: 12    XL:     9   Next: 12%
Magic:  9/9        EV: 15    Int:  9    God:    Beogh [***...]
Gold:   231        SH:  0    Dex: 21    Spells: 8/8 levels left

rFire   . . .        a - +2 sling {Shu}
rCold   . . .        d - +0 sling {Imanvir}
rNeg    . . .        c - +0 leather armour
rPois   .            o - +2 helmet
rElec   .            (no cloak)
rCorr   .            h - +0 pair of gloves
SInv    .            v - +0 pair of boots {Stlth+}
Will    .....        (amulet unavailable)
Stlth   +++          (ring unavailable)
HPRegen 0.30/turn    (ring unavailable)
MPRegen 0.11/turn    (no gizmo)

%: no passive effects
@: revved
A: off-hand wielding, slow wielding, warmup strikes, no jewellery
a: Invent Gizmo, Renounce Religion, Smiting, Recall Apostles, Dismiss Ugrim,
wizard


You were on level 5 of the Dungeon.
You worshipped Beogh.
Beogh was most pleased with you.
You visited 1 branch of the dungeon, and saw 5 of its levels.

You collected 231 gold pieces.

Inventory:

Hand Weapons
 a - a +2 sling (weapon) {Shu}
 d - a +0 sling (offhand) {Imanvir}
Missiles
 p - 3 throwing nets
Armour
 c - a +0 leather armour (worn)
 h - a +0 pair of gloves (worn)
 o - a +2 helmet (worn)
 v - a +0 pair of boots of stealth (worn)
Wands
 f - a wand of paralysis (6)
 m - a wand of mindburst (10)
 n - a wand of flame (13)
 t - a wand of warping (11)
Scrolls
 b - 3 scrolls of butterflies
 g - a scroll of teleportation
 j - a scroll of blinking
 r - 2 scrolls of immolation
Potions
 e - a potion of brilliance
 i - a potion of attraction {unknown}
 k - a potion of heal wounds
 l - a potion of curing
 q - a potion of mutation {unknown}
 s - a potion of invisibility {unknown}
 u - a potion of cancellation {unknown}


   Skills:
 - Level 2.0 Fighting
 * Level 9.4 Ranged Weapons
 + Level 6.3 Dodging
 - Level 0.7 Stealth


You had 8 spell levels left.
You didn't know any spells.
Your spell library contained the following spells:

 Spells                   Type           Power      Damage    Failure   Level
 Apportation              Tloc           0%         N/A       45%         1
 Necrotise                Necr           0%         1d4       45%         1
 Sting                    Conj/Alch      0%         1d3       45%         1
 Summon Small Mammal      Summ           0%         N/A       45%         1
 Mercury Vapours          Alch/Air       0%         N/A       61%         2
 Olgreb's Toxic Radiance  Alch           0%         N/A       99%         4


Dungeon Overview and Level Annotations

Branches:
Dungeon (5/15)
 Temple: D:4-7

Altars:
Beogh


Innate Abilities, Weirdness & Mutations

Your facial features look somewhat orcish.
You can wield a second weapon in your off-hand.
It takes a long time for you to wield or remove held weapons.
Your first few attacks do less damage.
You cannot equip rings or amulets.


Message History

* * * LOW HITPOINT WARNING * * *
You shoot a sling bullet.
The sling bullet hits Gorbash but does no damage.
Gorbash is severely wounded.
You shoot a sling bullet.
The sling bullet hits Gorbash but does no damage.
Gorbash is severely wounded.
You shoot a sling bullet.
The sling bullet completely misses Gorbash.
You shoot a sling bullet.
The sling bullet hits Gorbash but does no damage.
Gorbash is severely wounded.
Gorbash barely misses you.
You shoot a sling bullet.
The sling bullet hits Gorbash but does no damage.
Gorbash is heavily wounded.
You shoot a sling bullet.
The sling bullet completely misses Gorbash.
Gorbash hits you with a +5 trident of protection!
* * * LOW HITPOINT WARNING * * *
You shoot a sling bullet. The sling bullet hits Gorbash.
Gorbash is severely wounded.
You shoot a sling bullet.
The sling bullet hits Gorbash but does no damage.
Gorbash is severely wounded.
Gorbash closely misses you.
You shoot a sling bullet.
The sling bullet hits Gorbash but does no damage.
Gorbash is severely wounded.
You shoot a sling bullet.
The sling bullet hits Gorbash but does no damage.
Gorbash is severely wounded.
You shoot a sling bullet.
The sling bullet hits Gorbash but does no damage.
Gorbash is severely wounded.
You shoot a sling bullet. The sling bullet hits Gorbash.
Gorbash is severely wounded.
Gorbash hits you with a +5 trident of protection!
You die...
Beogh appreciates Gorbash's killing of a heretic priest.

#.# #..###.###.#<###### #.#
#######..#.........#..... #.#
#......).#.#.###...#..... #.#
#......).#.#.......'..... #.#
#........#.#.###...#.....
###.###....)...#.#.###...######
#........#.....#.#>............
########.#...†o#.#.##..........
#.#.###@#.#.##.....).... #.#.#
#.#.#.#........... #.#.#
#.#.#.####...##'##
#.#.###.#.#.........#.#
#.#.....#.#.#####...#.#
#.......#.......+..)+.#
#######.###.#####...####
....†...# #.# #.......
######### #.# #....###


You could see Gorbash the orc apostle (confused, divinely empowered, target of
vengeance).

Vanquished Creatures
  An orc apostle (D:5)
  Pikel (D:4)
  Grinder (D:5)
  An ogre (D:4)
  A phantom (D:5)
  3 lemures (D:4)
  A scorpion (D:5)
  A howler monkey (D:4)
  A bombardier beetle (D:4)
  3 orc priests (D:5)
  A jelly (D:4)
  2 iguanas (D:4)
  Ijyb (D:4)
  Natasha (twice) (D:2)
  Robin (D:2)
  6 gnolls
  3 adders
  3 ufetubi (D:5)
  A ribbon worm (D:4)
  4 orcs
  10 bats
  12 endoplasms
  5 goblins
  11 hobgoblins
  9 quokkas
  4 ball pythons
  3 frilled lizards
  8 giant cockroaches
  9 kobolds
  5 rats
114 creatures vanquished.

Vanquished Creatures (collateral kills)
  A sleepcap (D:5)
  An orc wizard (D:5)
  An ufetubus (D:5)
  A ribbon worm (D:5)
  A quokka (D:5)
5 creatures vanquished.

Grand Total: 119 creatures vanquished

Notes
Turn   | Place    | Note
-------+----------+-------------------------------------------
     0 | D:1      | Konar the Coglin Hunter began the quest for the Orb.
     0 | D:1      | Reached XP level 1. HP: 16/16 MP: 1/1
   125 | D:1      | Reached XP level 2. HP: 22/22 MP: 2/2
   223 | D:1      | Reached skill level 4 in Ranged Weapons
   769 | D:2      | Reached XP level 3. HP: 27/27 MP: 3/3
  1097 | D:2      | Found a faded altar of an unknown god.
  1188 | D:2      | Prayed at the altar of an unknown god.
  1188 | D:2      | Became a worshipper of Beogh the Shepherd
  1188 | D:2      | Reached * piety under Beogh
  1242 | D:2      | Reached XP level 4. HP: 31/33 MP: 4/4
  1244 | D:2      | Noticed Natasha
  1250 | D:2      | Killed Natasha
  1311 | D:2      | Noticed Robin
  1316 | D:2      | Killed Robin
  1424 | D:2      | Reached ** piety under Beogh
  1444 | D:2      | Noticed Natasha
  1448 | D:2      | Killed Natasha
  1449 | D:2      | Reached skill level 5 in Ranged Weapons
  1449 | D:2      | Reached XP level 5. HP: 34/38 MP: 5/5
  2116 | D:4      | Reached XP level 6. HP: 40/44 MP: 6/6
  2164 | D:4      | Reached skill level 6 in Ranged Weapons
  2477 | D:4      | Noticed Pikel
  2479 | D:4      | Paralysed by Pikel for 2 turns
  2489 | D:4      | Paralysed by Pikel for 3 turns
  2494 | D:4      | Killed Pikel
  2495 | D:4      | Reached skill level 7 in Ranged Weapons
  2495 | D:4      | Reached XP level 7. HP: 47/50 MP: 7/7
  2525 | D:4      | Reached XP level 8. HP: 56/56 MP: 8/8
  2531 | D:4      | Noticed Ijyb
  2551 | D:4      | Killed Ijyb
  2552 | D:4      | Reached skill level 5 in Dodging
  2958 | D:4      | Identified the +3 leather armour "Jiru Zyff" {rF+ Regen+
                  | Str+2}
  3172 | D:5      | Entered Level 5 of the Dungeon
  3183 | D:5      | Reached *** piety under Beogh
  3273 | D:5      | Identified the +10 dagger of Distraction {antimagic, rF++}
  3273 | D:5      | Identified the +1 robe "Ashruma" {Fly rC+ Str+4}
  3273 | D:5      | Noticed Ugrim
  3297 | D:5      | Anointed Ugrim the wizard as your apostle
  3300 | D:5      | Reached skill level 8 in Ranged Weapons
  3594 | D:5      | Noticed Grinder
  3602 | D:5      | Killed Grinder
  4374 | D:5      | Noticed Gorbash
  4414 | D:5      | Your ally Ugrim died
  4415 | D:5      | Reached skill level 9 in Ranged Weapons
  4415 | D:5      | Reached XP level 9. HP: 23/61 MP: 9/9
  4425 | D:5      | Slain by Gorbash the orc apostle

Illustrated notes

Levels and vault maps discovered:
D:1:      dpeg_arrival_arbitrary_a, layout_basic
D:2:      layout_loops_ring, ebering_ecumenical_altar_petrified,
          minmay_diced_spiral, uniq_natasha, uniq_robin
D:3:      layout_rooms, st_stairs_1
D:4:      layout_basic, uniq_pikel, uniq_ijyb
D:5:      layout_basic, kennysheep_dice, uniq_grinder

Skill      XL: |  1  2  3  4  5  6  7  8 |
---------------+-------------------------+-----
Dodging        | 2 3 4 6 |  6.3
Ranged Weapons | 4 5 7 9 |  9.4
Fighting       | |  2.0
Stealth        | |  0.7

Action                     |  1- 3 |  4- 6 |  7- 9 || total
---------------------------+-------+-------+-------++-------
  Melee: Sling             |       |       |     4 ||     4
   Fire: Sling             |   178 |   298 |   240 ||   716
 Invoke: Smiting           |       |       |     1 ||     1
         Recall Apostles   |       |       |     1 ||     1
         Recruit Apostle   |       |       |     1 ||     1
  Evoke: Wand              |       |       |     2 ||     2
    Use: Scroll            |     1 |     4 |     4 ||     9
         Potion            |       |       |     4 ||     4
 Armour: Leather armour    |    10 |    40 |    20 ||    70
  Dodge: Dodged            |     5 |    33 |    22 ||    60

Table legend: (Time is in decaauts)
 A = Elapsed time spent in this place.
 B = Non-inter-level travel time spent in this place.
 C = Inter-level travel time spent in this place.
 D = Time resting spent in this place.
 E = Time spent auto-exploring this place.
 F = Levels seen in this place.
 G = Mean time per level.
                   A        B        C        D        E       F      G
               +--------+--------+--------+--------+--------+-----+--------+
         Total |   4478 |   4133 |    345 |    319 |   3080 |   5 |  895.6 |
       Dungeon |   4478 |   4133 |    345 |    319 |   3080 |   5 |  895.6 |
               +--------+--------+--------+--------+--------+-----+--------+

Top non-repeatable levels by time:
     D:5: 1255 daAuts
     D:4: 1080 daAuts
     D:2: 991 daAuts
     D:1: 702 daAuts
     D:3: 447 daAuts
